 Dungeon Sprint DCSS version 0.30-a0-43-gbbf338a72c (webtiles) character file.

Game seed: 8875720007592372396

18424 Zeldest the Champion of Chaos (level 12, -15/103 HPs)
             Began as a Mummy Artificer on Sept 1, 2022.
             Was the Champion of Makhleb.
             Demolished by an orc knight
             ... wielding a +1 dire flail
              (42 damage)
             ... in the Dungeon (Sprint IX: "|||||||||||||||||||||||||||||").
             The game lasted 00:05:37 (801 turns).

Zeldest the Champion of Chaos (Mummy Artificer)      Turns: 801, Time: 00:05:38

Health: -15/103    AC: 13    Str: 19    XL:     12   Next: 27%
Magic:  8/8        EV:  9    Int: 11    God:    Makhleb [******]
Gold:   1284       SH:  0    Dex: 13    Spells: 11/11 levels left

rFire   x . .      SeeInvis .    i - +4 quarterstaff (antimagic)
rCold   + . .      Faith    .    (shield currently unavailable)
rNeg    + + +      Spirit   .    l - +1 scale mail
rPois   ∞          Reflect  .    r - +2 hat {Will+}
rElec   .          Harm     .    j - +0 cloak
rCorr   .          Rampage  .    (no gloves)
Will    ++...      NoTele   +    k - +0 pair of boots
Stlth   ..........               (no amulet)
HPRegen 0.27/turn                m - +2 ring of protection
MPRegen 0.11/turn                (no ring)

@: no status effects
A: cold resistance 1, negative energy resistance 3, torment resistance 2, heat
vulnerability 1, in touch with death 1, no potions
a: Renounce Religion, Minor Destruction, Lesser Servant of Makhleb, Major
Destruction, Greater Servant of Makhleb


You were in the Dungeon.
You worshipped Makhleb.
Makhleb was exalted by your worship.
You visited 1 branch You collected 1284 gold pieces.

Inventory:

Hand Weapons
 a - a +0 club
 i - a +4 antimagic quarterstaff (weapon)
Armour
 j - a +0 cloak (worn)
 k - a +0 pair of boots (worn)
 l - a +1 scale mail (worn)
 r - a +2 hat of willpower (worn)
Jewellery
 m - a +2 ring of protection (left hand)
Wands
 c - a wand of flame (12) (quivered)
 d - a wand of charming (5)
 h - a wand of acid (3)
Scrolls
 f - 3 scrolls of blinking
 g - 2 scrolls of amnesia
 n - 4 scrolls of enchant armour
 o - 2 scrolls of enchant weapon
 p - a scroll of butterflies
Miscellaneous
 e - a lightning rod (1/4)


   Skills:
 - Level 12.8 Fighting
 - Level 10.8 Staves
 - Level 1.5 Armour
 - Level 0.7 Dodging
 - Level 0.7 Stealth
 * Level 17.3 Invocations
 * Level 16.2 Evocations


You had 11 spell levels left.
You didn't know any spells.
Your spell library was empty.

Dungeon Overview and Level Annotations

Branches:
Dungeon (1/1)

Altars:
Cheibriados
Dithmenos
Fedhas
Gozag
Hepliaklqana
Kikubaaqudgha
Makhleb
Nemelex Xobeh
Okawaru
Qazlal
Ru
Sif Muna
Trog
Uskayaw
Vehumet
Wu Jian
Xom
Yredelemnul
Jiyva
Lugonu

Shops:
D !![


Innate Abilities, Weirdness & Mutations

You are immune to poison.
Your flesh is cold resistant. (rC+)
You are immune to negative energy. (rN+++)
You are immune to unholy pain and torment.
You are vulnerable to heat. (rF-)
You are in touch with the powers of death.
You do not drink.


Message History

Makhleb accepts your kill.
You feel better.
Your lightning rod (4/4) has regained two charges.
Your Evocations skill increases to level 16!
The orc knight sings a few bars from the Orcish anthem.
Items here: $ ))) [[ ††.
An orc knight comes into view. It is wielding a +1 broad axe.
Found Juvvan's Distillery.
The orc knight shouts!
The orc knight roars a battlecry!
The orc knight goes into a battle-frenzy!
An orc high priest comes into view. It is wielding a +0 short sword.
Things that are here:
a +0 trident; 100 gold pieces
Aiming: Thunderbolt
Press: ? - help, Shift-Dir - straight line, f - orc knight
Aim: an orc knight, wielding a +1 dire flail and wearing a +0 plate armour (strong)
The thunderbolt hits the orc knight!
The orc knight is moderately wounded.
The orc high priest shouts!
Aiming: Thunderbolt
Press: ? - help, Shift-Dir - straight line, f/p - orc knight
Aim: an orc knight, wielding a +1 dire flail and wearing a +0 plate armour (moderately wounded, strong)
The thunderbolt hits the orc knight!
The orc knight is moderately wounded.
The thunderbolt hits the orc knight.
The orc knight is moderately wounded.
The orc knight hits you with a +1 dire flail!!
* * * LOW HITPOINT WARNING * * *
Aiming: Thunderbolt
Press: ? - help, Shift-Dir - straight line, f/p - orc knight
Aim: an orc knight, wielding a +1 dire flail and wearing a +0 plate armour (moderately wounded, strong)
The thunderbolt hits the orc high priest!!
The orc high priest is heavily wounded.
The thunderbolt hits the orc knight!!
The orc knight is heavily wounded.
The thunderbolt hits the orc knight!!
The orc knight is severely wounded.
The orc knight hits you with a +1 dire flail!!!
You die...

)+B..)))†=.....).!'______________
▓▓▓▓▓▓▓▓▓▓▓▓▓▓▓▓▓▓▓▓▓▓▓▓▓▓▓▓▓▓▓▓▓
.................................
▓▓▓▓▓▓▓▓▓▓▓▓▓▓▓▓▓▓▓▓▓▓▓▓▓▓▓▓▓▓▓▓▓
[[[..'.[!.......†††.....†††.†....
▓▓▓▓▓▓▓▓▓▓▓▓▓▓▓▓▓▓▓▓▓▓▓▓▓▓▓▓▓▓▓▓▓
...............[.................
▓▓▓▓▓▓▓▓▓▓▓▓▓▓▓▓▓▓▓▓▓▓▓▓▓▓▓▓▓▓▓▓▓
∩.oo∩$o@)))....)))))).)'
▓▓▓▓▓▓▓▓▓▓▓▓▓▓▓▓▓▓▓▓▓▓▓▓


You could see 2 orc knights and an orc high priest (strong).

Vanquished Creatures
  Gastronok (D)
  A stone giant (D)
  A dire elephant (D)
  4 hydras (D)
  A boulder beetle (D)
  7 orc high priests (D)
  3 orc knights (D)
  7 elephants (D)
  4 black mambas (D)
  2 cane toads (D)
  A gargoyle (D)
  2 komodo dragons (D)
  A dream sheep (D)
  A yak (D)
  2 water moccasins (D)
  10 orc warriors (D)
  A black bear (D)
  A bullfrog (D)
  A howler monkey (D)
  3 orc priests (D)
  An iguana (D)
  5 orc wizards (D)
  A shadow imp (D)
  4 orcs (D)
  A bat (D)
  An endoplasm (D)
  A goblin (D)
  A hobgoblin (D)
  A ball python (D)
70 creatures vanquished.

Vanquished Creatures (collateral kills)
  An ugly thing (D)
  A wyvern (D)
  A kobold brigand (D)
  A wight (D)
  An iguana (D)
  A dart slug (D)
6 creatures vanquished.

Vanquished Creatures (others)
  2 two-headed ogres (D)
  An ugly thing (D)
  A scorpion (D)
  A killer bee (D)
5 creatures vanquished.

Grand Total: 81 creatures vanquished

Notes
Turn   | Place    | Note
-------+----------+-------------------------------------------
     0 | D        | Zeldest the Mummy Artificer began the quest for the Orb.
     0 | D        | Reached XP level 1. HP: 15/15 MP: 1/1
    10 | D        | Reached skill level 1 in Invocations
    22 | D        | Reached skill level 2 in Invocations
    28 | D        | Noticed an iguana
    28 | D        | Noticed an iguana
    28 | D        | Noticed a scorpion
    36 | D        | Killed an iguana
    37 | D        | Reached skill level 3 in Invocations
    37 | D        | Reached XP level 2. HP: 7/21 MP: 2/4
    37 | D        | Gained mutation: You are in touch with the powers of death.
                  | [Mummy growth]
    37 | D        | Reached XP level 3. HP: 8/26 MP: 2/5
    47 | D        | Reached skill level 4 in Invocations
    47 | D        | Reached skill level 5 in Evocations
    47 | D        | Reached XP level 4. HP: 11/32 MP: 2/7
    56 | D        | Found a snail-covered altar of Cheibriados.
    56 | D        | Found a shadowy altar of Dithmenos.
    56 | D        | Found a blossoming altar of Fedhas.
    56 | D        | Found an opulent altar of Gozag.
    57 | D        | Found a hazy altar of Hepliaklqana.
    58 | D        | Found a viscous altar of Jiyva.
    59 | D        | Found an ancient bone altar of Kikubaaqudgha.
    60 | D        | Found a corrupted altar of Lugonu.
    61 | D        | Found a burning altar of Makhleb.
    62 | D        | Found a sparkling altar of Nemelex Xobeh.
    63 | D        | Found an iron altar of Okawaru.
    64 | D        | Found a stormy altar of Qazlal.
    65 | D        | Found a sacrificial altar of Ru.
    66 | D        | Found a shimmering blue altar of Sif Muna.
    67 | D        | Found a bloodstained altar of Trog.
    68 | D        | Found a hide-covered altar of Uskayaw.
    69 | D        | Became a worshipper of Makhleb the Destroyer
    70 | D        | Found a radiant altar of Vehumet.
    71 | D        | Found an ornate altar of the Wu Jian Council.
    72 | D        | Found a shimmering altar of Xom.
    73 | D        | Found a basalt altar of Yredelemnul.
   251 | D        | Noticed a gargoyle
   251 | D        | Noticed a wyvern
   251 | D        | Noticed a kobold brigand
   251 | D        | Noticed a two-headed ogre
   259 | D        | Killed a kobold brigand
   260 | D        | Reached skill level 5 in Invocations
   260 | D        | Reached XP level 5. HP: 39/41 MP: 3/9
   260 | D        | Killed a wyvern
   261 | D        | Reached skill level 6 in Invocations
   261 | D        | Reached XP level 6. HP: 48/50 MP: 3/11
   262 | D        | Reached * piety under Makhleb
   263 | D        | Reached skill level 5 in Fighting
   263 | D        | Reached skill level 7 in Invocations
   265 | D        | Killed a gargoyle
   266 | D        | Reached skill level 5 in Staves
   266 | D        | Reached XP level 7. HP: 59/59 MP: 4/12
   273 | D        | Noticed a purple ugly thing
   273 | D        | Noticed a boulder beetle
   273 | D        | Noticed a green ugly thing
   273 | D        | Noticed a six-headed hydra
   273 | D        | Noticed a two-headed ogre
   276 | D        | Killed a six-headed hydra
   277 | D        | Reached skill level 9 in Invocations
   277 | D        | Reached XP level 8. HP: 69/69 MP: 4/14
   282 | D        | Reached ** piety under Makhleb
   289 | D        | Killed a purple ugly thing
   494 | D        | Noticed a komodo dragon
   494 | D        | Noticed a cane toad
   494 | D        | Noticed a black mamba
   494 | D        | Noticed a boulder beetle
   496 | D        | Noticed a dream sheep
   497 | D        | Killed a cane toad
   497 | D        | Reached *** piety under Makhleb
   497 | D        | Killed a black mamba
   498 | D        | Reached skill level 10 in Fighting
   498 | D        | Reached skill level 10 in Invocations
   498 | D        | Reached skill level 10 in Evocations
   498 | D        | Reached XP level 9. HP: 59/78 MP: 5/16
   498 | D        | Killed a komodo dragon
   498 | D        | Killed a boulder beetle
   499 | D        | Reached skill level 11 in Invocations
   502 | D        | Reached **** piety under Makhleb
   511 | D        | Noticed a komodo dragon
   511 | D        | Noticed a black mamba
   511 | D        | Noticed a six-headed hydra
   511 | D        | Noticed a black mamba
   511 | D        | Noticed a black mamba
   513 | D        | Killed a black mamba
   514 | D        | Reached XP level 10. HP: 71/88 MP: 6/18
   514 | D        | Reached ***** piety under Makhleb
   514 | D        | Killed a black mamba
   514 | D        | Killed a black mamba
   514 | D        | Noticed a four-headed hydra
   515 | D        | Killed a six-headed hydra
   515 | D        | Noticed a five-headed hydra
   516 | D        | Reached skill level 10 in Staves
   516 | D        | Reached skill level 12 in Invocations
   516 | D        | Noticed a cane toad
   519 | D        | Killed a five-headed hydra
   519 | D        | Killed a four-headed hydra
   520 | D        | Killed a cane toad
   531 | D        | Noticed a dire elephant
   531 | D        | Noticed an elephant
   531 | D        | Noticed an elephant
   531 | D        | Noticed an elephant
   531 | D        | Noticed an elephant
   531 | D        | Noticed an elephant
   534 | D        | Killed an elephant
   535 | D        | Reached skill level 13 in Invocations
   535 | D        | Killed an elephant
   535 | D        | Killed an elephant
   535 | D        | Reached ****** piety under Makhleb
   535 | D        | Killed an elephant
   536 | D        | Reached XP level 11. HP: 97/97 MP: 7/21
   538 | D        | Killed a dire elephant
   539 | D        | Reached skill level 14 in Invocations
   600 | D        | Noticed Gastronok
   609 | D        | Killed Gastronok
   682 | D        | Noticed an orc knight
   682 | D        | Noticed a stone giant
   687 | D        | Killed an orc knight
   687 | D        | Killed a stone giant
   688 | D        | Reached skill level 15 in Invocations
   736 | D        | Noticed an orc high priest
   741 | D        | Killed an orc high priest
   756 | D        | Reached skill level 16 in Invocations
   756 | D        | Reached skill level 15 in Evocations
   786 | D        | Found Leotheiz's Antique Armour Boutique.
   786 | D        | Noticed an orc high priest
   786 | D        | Noticed an orc knight
   786 | D        | Noticed an orc high priest
   786 | D        | Noticed an orc high priest
   786 | D        | Noticed an orc high priest
   787 | D        | Noticed an orc knight
   788 | D        | Killed an orc high priest
   789 | D        | Noticed a sixfirhy
   789 | D        | Noticed a sun demon
   789 | D        | Killed an orc high priest
   789 | D        | Killed an orc knight
   790 | D        | Reached XP level 12. HP: 58/103 MP: 8/24
   790 | D        | Killed an orc high priest
   790 | D        | Killed an orc high priest
   792 | D        | Noticed an orc high priest
   792 | D        | Noticed an orc high priest
   792 | D        | Found Loggam's Distillery.
   795 | D        | Killed an orc high priest
   796 | D        | Reached skill level 17 in Invocations
   796 | D        | Killed an orc high priest
   798 | D        | Found Juvvan's Distillery.
   798 | D        | Noticed an orc high priest
   801 | D        | Demolished by an orc knight

Illustrated notes

Levels and vault maps discovered:
D:        linesprint [early_d, line_temple, items_1, d_10, items_2, lair_1,
          lair_end, items_3, orc_1, orc_end, items_4, d_15, swamp_1, shoals_1,
          snake_1, spider_1, d_20, vaults_1, items_5, swamp_end, shoals_end,
          snake_end, spider_end, vaults_end, d_27, items_6, zot_1, zot_end,
          crypt_end, forest_end, elf_end, slime_end, tomb_end, abyss_end,
          pan_hell_end]

Skill      XL: |  1  2  3  4  5  6  7  8  9 10 11 12 |
---------------+-------------------------------------+-----
Invocations    | 3 4 5 6 7 9 10 11 13 16 17 | 17.3
Evocations     | 4 5 6 7 8 10 12 15 16 | 16.2
Fighting       | 3 4 6 8 10 11 12 | 12.8
Staves         | 2 3 5 6 8 9 10 | 10.8
Armour         | |  1.5
Dodging        | |  0.7
Stealth        | |  0.7

Action                   |  1- 3 |  4- 6 |  7- 9 | 10-12 || total
-------------------------+-------+-------+-------+-------++-------
Melee: Club              |    18 |       |       |       ||    18
       Quarterstaff      |       |       |     7 |     6 ||    13
Evoke: Wand              |     2 |     8 |     5 |    10 ||    25
       Lightning rod     |       |       |     8 |    42 ||    50
Armor: Leather armour    |     2 |       |       |       ||     2
       Scale mail        |       |     3 |     3 |     9 ||    15
Dodge: Dodged            |    12 |     3 |     4 |     9 ||    28

Table legend: (Time is in decaauts)
 A = Elapsed time spent in this place.
 B = Non-inter-level travel time spent in this place.
 C = Inter-level travel time spent in this place.
 D = Time resting spent in this place.
 E = Time spent auto-exploring this place.
 F = Levels seen in this place.
 G = Mean time per level.
                   A        B        C        D        E       F      G
               +--------+--------+--------+--------+--------+-----+--------+
         Total |    803 |    803 |      0 |    229 |      0 |   1 |  803.0 |
       Dungeon |    803 |    803 |      0 |    229 |      0 |   1 |  803.0 |
               +--------+--------+--------+--------+--------+-----+--------+

Top non-repeatable levels by time:
       D: 803 daAuts
